 Dungeon Crawl Stone Soup version 0.26-b1-32-g5d43845318 (webtiles) character file.

Game seed: 7202515784408575571

2273 raphaelitos the Destroyer (level 9, -1/47 HPs)
             Began as a Deep Elf Conjurer on Jan 2, 2021.
             Was a Believer of Nemelex Xobeh.
             Slain by a two-headed ogre
             ... wielding a +0 giant spiked club
              (11 damage)
             ... on level 8 of the Dungeon on Jan 5, 2021.
             The game lasted 00:29:38 (9333 turns).

raphaelitos the Destroyer (Deep Elf Conjurer)       Turns: 9333, Time: 00:29:40

Health: -1/47      AC: 11    Str:  4    XL:     9   Next: 16%
Magic:  18/23      EV: 13    Int: 27    God:    Nemelex Xobeh [**....]
Gold:   487        SH:  0    Dex: 13    Spells: 10/24 levels left

rFire    + . .     SeeInvis +   s - staff of conjuration
rCold    . . .     Faith    .   (no shield)
rNeg     . . .     Spirit   .   m - +3 leather armour {rPois}
rPois    +         Reflect  .   y - +0 helmet
rElec    .         Harm     .   (no cloak)
rCorr    .         Rampage  .   (no gloves)
Will     .....                  z - +2 pair of boots
Stlth    ++........             (no amulet)
HPRegen  0.15/turn              t - ring of protection from fire
MPRegen  0.18/turn              F - ring of see invisible

@: no status effects
A: no striking features
a: Renounce Religion, Draw Escape, Draw Destruction, Draw Summoning


You were on level 8 of the Dungeon.
You worshipped Nemelex Xobeh.
Nemelex Xobeh was pleased with you.
You visited 2 branches of the dungeon, and saw 9 of its levels.

You collected 487 gold pieces.

Inventory:

Hand Weapons
 r - a +4 flail
Missiles
 e - 174 arrows
 f - 10 poisoned darts
 g - 69 sling bullets
 h - 36 bolts
 G - 4 javelins
Armour
 a - a +0 robe
 m - a +3 leather armour of poison resistance (worn)
 y - a +0 helmet (worn)
 z - a +2 pair of boots (worn)
Magical Staves
 s - an uncursed staff of conjuration (weapon)
Jewellery
 p - an uncursed ring of resist corrosion
 t - a ring of protection from fire (left hand)
 F - a ring of see invisible (right hand)
Wands
 k - a wand of random effects (19)
 n - a wand of iceblast (13)
 v - a wand of polymorph (6)
 C - a wand of acid (11)
 E - a wand of flame (1)
 H - a wand of paralysis (6)
Scrolls
 b - 3 scrolls of identify
 q - 2 scrolls of fear
 u - 4 scrolls of teleportation
 w - a scroll of magic mapping
 A - 2 scrolls of remove curse
 D - a scroll of immolation
Potions
 c - 2 potions of attraction
 d - 3 potions of lignification
 i - 3 potions of magic
 j - 2 potions of resistance
 l - 4 potions of curing
 o - 2 potions of might
 x - a potion of haste
 B - 4 potions of brilliance
 I - a potion of heal wounds


   Skills:
 + Level 1.4 Fighting
 + Level 2.2 Staves
 + Level 4.5 Armour
 + Level 4.2 Dodging
 + Level 4.4 Stealth
 + Level 8.4 Spellcasting
 + Level 9.0 Conjurations
 + Level 1.1 Hexes


You had 10 spell levels left.
You knew the following spells:

 Your Spells              Type           Power        Failure   Level
a - Magic Dart            Conj           100%         1%          1
b - Searing Ray           Conj           100%         1%          2
c - Dazzling Flash        Conj/Hex       100%         3%          3
d - Fulminant Prism       Conj/Hex       27%          11%         4
e - Iskenderun's Mystic   Conj/Tloc      52%          13%         4

Your spell library contained the following spells:

 Spells                   Type           Power        Failure   Level


Dungeon Overview and Level Annotations

Branches:
Dungeon (8/15)             Temple (1/1) D:5
   Lair: D:8-11

Altars:
Ashenzari
Elyvilon
Fedhas
Gozag
Hepliaklqana
Kikubaaqudgha
Makhleb
Nemelex Xobeh
Okawaru
Qazlal
Ru
Sif Muna
Uskayaw
Vehumet
Wu Jian
Xom
Yredelemnul
Zin


Message History

Aim: a two-headed ogre, wielding a +0 giant spiked club and a +0 giant club (moderately wounded, 8% to evade)
You feel a surge of power!
The searing ray hits the two-headed ogre!
The two-headed ogre is heavily wounded. (Press . to maintain the ray.)
The orc shouts!
The searing ray hits the two-headed ogre!
The two-headed ogre is heavily wounded.
The searing ray hits the two-headed ogre!
The two-headed ogre is severely wounded.
The two-headed ogre hits you with a +0 giant spiked club!
The two-headed ogre misses you.
The searing ray hits the two-headed ogre.
The two-headed ogre is almost dead.
You finish channeling your searing ray.
The two-headed ogre hits you with a +0 giant spiked club!!
* * * LOW HITPOINT WARNING * * *
The two-headed ogre hits you with a +0 giant club!
You die...
Your body disappears without a glow.

.......†.#..#
#.#.........#### .
#...###)##.....+... ##..
#)##.#####... ♣ #..
#.##.# #...
#.#####.###.##.# #(..
.#†.......##.##'#####...
.......##.##.......#....
......O@....†...........
#.....o##..#.......#....
#...).. ##.#.......#....
#.).... #...#.#####....
#...†.. ##..#.# #....
#....). #..#.# ####.
#...... ##>#.# #.
#...[.. #.#.# #. #.#.#
#.


You could see a two-headed ogre and an orc.

Vanquished Creatures
  2 orc warriors (D:7)
  3 ogres
  A phantom (D:4)
  A centaur (D:6)
  A big kobold (D:4)
  2 bullfrogs
  A scorpion (D:6)
  4 wights (D:7)
  A howler monkey (D:8)
  A bullfrog zombie (D:5)
  3 jellies
  4 hounds
  2 orc priests (D:6)
  A bullfrog skeleton (D:4)
  Ijyb (D:4)
  Natasha (thrice) (D:4)
  3 iguanas
  5 orc wizards
  A statue (D:6)
  9 worker ants
  A killer bee zombie (D:7)
  A worker ant zombie (D:4)
  Robin (D:4)
  8 adders
  4 gnolls (D:7)
  2 white imps
  2 ufetubi (D:6)
  8 oozes (D:4)
  2 dart slugs
  2 leopard geckos (D:1)
  33 orcs
  3 ball pythons
  9 bats
  5 giant cockroaches
  12 goblins
  8 hobgoblins
  7 jackals
  7 kobolds
  2 quokkas
  2 frilled lizards
  A leopard gecko skeleton (D:6)
  A quokka skeleton (D:5)
  5 rats
175 creatures vanquished.

Vanquished Creatures (others)
  4 fulminant prisms
  2 fungi (D:4)
  4 plants (D:8)
  7 toadstools (D:4)
17 creatures vanquished.

Grand Total: 192 creatures vanquished

Notes
Turn   | Place    | Note
-------+----------+-------------------------------------------
     0 | D:1      | raphaelitos the Deep Elf Conjurer began the quest for the
                  | Orb.
     0 | D:1      | Reached XP level 1. HP: 10/10 MP: 6/6
    26 | D:1      | Upgraded the game from 0.26-b1-25-gafae2e710b to
                  | 0.26-b1-32-g5d43845318
   134 | D:1      | Reached XP level 2. HP: 15/15 MP: 4/8
   137 | D:1      | Learned a level 2 spell: Searing Ray
   383 | D:1      | Reached skill level 5 in Conjurations
   895 | D:1      | Reached XP level 3. HP: 19/19 MP: 6/9
   899 | D:1      | Learned a level 3 spell: Dazzling Flash
  1397 | D:2      | You fall into a shaft and drop 2 floors!
  1434 | D:4      | Reached XP level 4. HP: 24/24 MP: 3/12
  1539 | D:4      | Noticed Natasha
  1545 | D:4      | Killed Natasha
  1546 | D:4      | Reached skill level 6 in Conjurations
  1633 | D:4      | Noticed Ijyb
  1635 | D:4      | Reached XP level 5. HP: 28/28 MP: 9/13
  1643 | D:4      | Killed Ijyb
  1644 | D:4      | Reached skill level 5 in Spellcasting
  1672 | D:4      | Learned a level 4 spell: Fulminant Prism
  1677 | D:4      | Learned a level 4 spell: Iskenderun's Mystic Blast
  1959 | D:4      | Noticed Robin
  2727 | D:3      | Found a burning altar of Makhleb.
  3154 | D:4      | Reached XP level 6. HP: 26/32 MP: 11/15
  3429 | D:4      | Noticed Natasha
  3436 | D:4      | Killed Natasha
  3437 | D:4      | Reached skill level 1 in Armour
  3495 | D:4      | Reached skill level 7 in Conjurations
  3564 | D:4      | Reached XP level 7. HP: 36/36 MP: 11/17
  3826 | D:4      | Noticed Natasha
  3830 | D:4      | Killed Natasha
  3874 | D:4      | Killed Robin
  5008 | D:5      | Entered Level 5 of the Dungeon
  5046 | D:5      | Found a basalt altar of Yredelemnul.
  5056 | D:5      | Found a staircase to the Ecumenical Temple.
  5102 | Temple   | Entered the Ecumenical Temple
  5364 | Temple   | Became a worshipper of Nemelex Xobeh the Trickster
  5535 | D:5      | Reached skill level 1 in Staves
  6136 | D:5      | Reached * piety under Nemelex Xobeh
  6231 | D:5      | Received a gift from Nemelex Xobeh
  6356 | D:6      | Reached XP level 8. HP: 42/42 MP: 15/20
  6517 | D:6      | Found an iron altar of Okawaru.
  6771 | D:6      | Found a shimmering blue altar of Sif Muna.
  6818 | D:6      | Reached ** piety under Nemelex Xobeh
  6987 | D:6      | Found an opulent altar of Gozag.
  7147 | D:6      | Found a radiant altar of Vehumet.
  7155 | D:6      | Reached skill level 1 in Hexes
  7324 | D:7      | Reached skill level 8 in Conjurations
  7714 | D:7      | Found an ancient bone altar of Kikubaaqudgha.
  8414 | D:7      | Reached skill level 1 in Fighting
  8855 | D:7      | Reached XP level 9. HP: 21/47 MP: 17/23
  9116 | D:8      | Reached skill level 9 in Conjurations
  9289 | D:8      | Received a gift from Nemelex Xobeh
  9326 | D:8      | Noticed a two-headed ogre
  9333 | D:8      | Slain by a two-headed ogre

Illustrated notes

Levels and vault maps discovered:
D:1:      ncdulo_smallfort, layout_loops_cross, chequers_serial_rivers_micro_e
D:2:      layout_loops_ring, lemuel_doored_altar
D:3:      layout_loops_cross, makhleb_blood_cavern_becter
D:4:      cheibrodos_fertilizer, layout_layer_cave, uniq_natasha, uniq_robin,
          uniq_ijyb
D:5:      layout_loops_corners, yredelemnul_altar_generic, temple_fountains
D:6:      layout_loops_corners, okawaru_ov_weapons_minmay, vehumet_statue,
          old_standard_altar, nicolae_gozag_seed_capital
D:7:      minmay_inner_zag, layout_loops_ring, nicolae_overflow_hidden_temple
D:8:      layout_basic, erik_lair_dragon, special_room [special_room_orc],
          serial_bayou_ford_a, uniq_psyche
Temple:   oiseaux_autumnal_temple

Skill      XL: |  1  2  3  4  5  6  7  8  9 |
---------------+----------------------------+-----
Conjurations   | 5 6 7 8 9 |  9.0
Spellcasting   | 4 5 6 8 |  8.4
Dodging        | 3 4 |  4.2
Stealth        | 3 4 |  4.4
Armour         | 1 2 4 |  4.5
Staves         | 1 2 |  2.2
Hexes          | 1 |  1.1
Fighting       | 1 |  1.4

Action                   |  1- 3 |  4- 6 |  7- 9 || total
-------------------------+-------+-------+-------++-------
Melee: Dagger            |       |     9 |       ||     9
       Staff             |       |     3 |    82 ||    85
 Cast: Magic Dart        |    45 |    56 |   163 ||   264
       Searing Ray       |     7 |    18 |    35 ||    60
       Fulminant Prism   |       |       |     4 ||     4
       Iskenderun's Myst |       |       |     1 ||     1
       Dazzling Flash    |       |       |     1 ||     1
Invok: Draw Destruction  |       |       |     3 ||     3
 Abil: Stop Flying       |       |     1 |       ||     1
  Use: Scroll            |     3 |     8 |     5 ||    16
 Stab: Sleeping          |       |       |     1 ||     1
Armor: Leather armour    |       |    10 |    39 ||    49
       Robe              |       |     1 |       ||     1
Dodge: Dodged            |     5 |    20 |    72 ||    97
